 Dungeon Crawl Stone Soup version 0.27.0-1-g7a089689b8 (webtiles) character file.

Game seed: 10509017652477235555

184 seveneves the Shield-Bearer (level 5, 0/47 HPs)
             Began as a Minotaur Fighter on Aug 2, 2021.
             Was an Initiate of Wu Jian.
             Slain by a water moccasin skeleton (5 damage)
             ... on level 4 of the Dungeon.
             The game lasted 00:09:54 (2984 turns).

seveneves the Shield-Bearer (Minotaur Fighter)      Turns: 2984, Time: 00:09:57

Health: 0/47       AC: 11    Str: 28    XL:     5   Next: 36%
Magic:  4/4        EV:  8    Int:  5    God:    Wu Jian [......]
Gold:   106        SH: 11    Dex: 10    Spells: 4/4 levels left

rFire    . . .     SeeInvis +   j - +8 scimitar "Ginamer" {elec, rC- rCorr Str+7 SInv}
rCold    x . .     Faith    .   c - +1 kite shield
rNeg     . . .     Spirit   .   b - +0 scale mail
rPois    .         Reflect  .   (helmet restricted)
rElec    .         Harm     .   (no cloak)
rCorr    +         Rampage  .   (no gloves)
Will     .....                  (no boots)
Stlth    ..........             (no amulet)
HPRegen  0.15/turn              l - ring of flight
MPRegen  0.09/turn              m - +4 ring of protection

@: flying
A: horns 2, retaliatory headbutt
a: Renounce Religion


You were on level 4 of the Dungeon.
You worshipped Wu Jian.
Wu Jian was noncommittal.
You visited 1 branch of the dungeon, and saw 4 of its levels.

You collected 106 gold pieces.

Inventory:

Hand Weapons
 a - a +0 long sword
 e - a +2 dagger of pain
 g - a +0 long sword
 j - the +8 scimitar "Ginamer" (weapon) {elec, rC- rCorr Str+7 SInv}
   (You acquired it on level 4 of the Dungeon)

   It occasionally discharges a powerful burst of electricity upon striking a
   foe.
   Str:       It affects your strength (+7).
   rC:        It makes you vulnerable to cold.
   SInv:      It lets you see invisible.
   rCorr:     It protects you from acid and corrosion.
Missiles
 p - 7 silver javelins (quivered)
Armour
 b - a +0 scale mail (worn)
 c - a +1 kite shield (worn)
Jewellery
 l - a ring of flight (left hand)
 m - a +4 ring of protection (right hand)
 r - a +6 ring of dexterity
Scrolls
 d - a scroll of teleportation {unknown}
 i - a scroll of identify {unknown}
 n - a scroll of enchant armour
Potions
 f - 2 potions of mutation {unknown}
 h - 2 potions of haste
 o - a potion of magic


   Skills:
 + Level 4.5 Fighting
 + Level 2.1(2.6) Short Blades
 + Level 2.5(3.0) Long Blades
 + Level 4.5 Armour
 + Level 1.2 Dodging
 + Level 0.1 Stealth
 + Level 5.2 Shields


You had 4 spell levels left.
You didn't know any spells.
Your spell library contained the following spells:

 Spells                   Type           Power      Damage    Failure   Level
 Freeze                   Ice            0%         1d3       99%         1
 Frozen Ramparts          Ice            0%         1d2       100%        3
 Ozocubu's Armour         Ice            0%         N/A       100%        3
 Hailstorm                Conj/Ice       0%         3d3       100%        4
 Ozocubu's Refrigeration  Ice            0%         4d5       100%        7


Dungeon Overview and Level Annotations

Branches:
Dungeon (4/15)
 Temple: D:4-7

Altars:
Okawaru
Wu Jian


Innate Abilities, Weirdness & Mutations

You have a pair of horns on your head.
You reflexively headbutt those who attack you in melee.


Message History

Pikel is lightly wounded.
Pikel closely misses you.
You closely miss Pikel.
Pikel is lightly wounded.
You block the lemure's attack.
Pikel hits you with a +2 whip of electrocution.
This is a scroll of acquirement!
Something appears at your feet! The lemure hits you but does no damage.
Pikel completely misses you.
j - the +8 scimitar "Ginamer" {elec, rC- rCorr Str+7 SInv} The lemure hits you but does no damage.
Pikel hits you with a +2 whip of electrocution.
You are electrocuted!
* * * LOW HITPOINT WARNING * * *
You feel stronger.
You hear the crackle of electricity.
j - the +8 scimitar "Ginamer" (weapon)
{elec, rC- rCorr Str+7 SInv} The lemure hits you.
* * * LOW HITPOINT WARNING * * *
You closely miss Pikel. Your headbutt misses Pikel.
Pikel is lightly wounded.
You block Pikel's attack.
Pikel hits you with a +2 whip of electrocution.
* * * LOW HITPOINT WARNING * * *
Okay, then.
You block Pikel's attack.
Okay, then.
The lemure hits you.
* * * LOW HITPOINT WARNING * * *
You slice Pikel!! You headbutt Pikel!
Pikel is severely wounded.
You block the lemure's attack. You block Pikel's attack.
The lemure hits you but does no damage. You block Pikel's attack.
You slice Pikel!!
You kill Pikel!
The Council accepts your kill.
With Pikel's spell broken, his former minions thank you for their freedom.
The lemure departs this earthly plane. x2
The water moccasin skeleton bites you.
You die...

##.#############
'..............#
#...$.# #.....#
#.....# #.....###.#
# ##.....§##.#
#.##.....§Z@..##
#....##...##...#
#....#.....#...# ..
#......._......# #.
#.#..#.....#..##
#.##.##.##).)##..#
#..#.##...)......#
#.#.####.....##.#
####...###########.#


You could see a water moccasin skeleton.

Vanquished Creatures
  Pikel (D:4)
  2 lemures (D:4)
  An orc priest (D:4)
  A bullfrog skeleton (D:4)
  An orc wizard (D:4)
  2 adders (D:3)
  An adder skeleton (D:3)
  3 worms
  2 dart slugs
  2 orcs
  4 bats
  4 endoplasms
  2 giant cockroaches
  9 goblins
  6 hobgoblins
  8 jackals
  3 kobolds
  2 quokkas (D:1)
  5 ball pythons
  A frilled lizard (D:3)
  4 rats
64 creatures vanquished.

Vanquished Creatures (others)
  2 plants (D:2)
2 creatures vanquished.

Grand Total: 66 creatures vanquished

Notes
Turn   | Place    | Note
-------+----------+-------------------------------------------
     0 | D:1      | seveneves the Minotaur Fighter began the quest for the Orb.
     0 | D:1      | Reached XP level 1. HP: 19/19 MP: 0/0
    83 | D:1      | Reached XP level 2. HP: 25/27 MP: 1/1
   192 | D:1      | Reached skill level 4 in Shields
   556 | D:1      | Reached XP level 3. HP: 33/33 MP: 2/2
  1957 | D:3      | Reached XP level 4. HP: 39/41 MP: 3/3
  2077 | D:3      | Found an ornate altar of the Wu Jian Council.
  2085 | D:3      | Became a worshipper of the Wu Jian Council
  2141 | D:3      | Found a faded altar of an unknown god.
  2216 | D:3      | Reached skill level 5 in Shields
  2653 | D:4      | Reached skill level 1 in Short Blades
  2653 | D:4      | Reached skill level 1 in Dodging
  2760 | D:4      | Noticed a lemure
  2766 | D:4      | Noticed a lemure
  2771 | D:4      | Killed a lemure
  2778 | D:4      | Killed a lemure
  2945 | D:4      | Found an iron altar of Okawaru.
  2948 | D:4      | Reached XP level 5. HP: 47/47 MP: 4/4
  2965 | D:4      | Noticed Pikel
  2967 | D:4      | Noticed a lemure
  2967 | D:4      | Noticed a lemure
  2973 | D:4      | Identified a scroll of acquirement
  2973 | D:4      | Acquired the +8 scimitar "Ginamer" {elec, rC- rCorr Str+7
                  | SInv}
  2984 | D:4      | Killed Pikel
  2984 | D:4      | Slain by a water moccasin skeleton

Illustrated notes

Levels and vault maps discovered:
D:1:      nicolae_arrival_memento_mori, layout_loops_cross
D:2:      layout_loops_corners, serial_forest, infiniplex_forest_clump_cross,
          infiniplex_forest_side_room, infiniplex_forest_straight_5,
          infiniplex_forest_end_2, infiniplex_forest_clump_C,
          infiniplex_forest_clump_double, infiniplex_forest_zigzag_2,
          infiniplex_forest_lined_room_
D:3:      layout_loops_ring, nzn_wu_jian_contemplation,
          chequers_ecumenical_altar_simple_redux, chequers_serial_rivers_small_3
D:4:      layout_basic, okawaru_gym_becter, minmay_temple_entry_mist,
          feat_on_display, uniq_pikel, uniq_duvessa

Skill      XL: |  1  2  3  4  5 |
---------------+----------------+-----
Fighting       | 4 |  4.5
Shields        | 4 5 |  5.2
Armour         | 4 |  4.5
Short Blades   | 1 2 |  2.1
Dodging        | 1 |  1.2
Long Blades    | |  2.5
Stealth        | |  0.1

Action                   |  1- 3 |  4- 6 || total
-------------------------+-------+-------++-------
Melee: Dagger            |   100 |    79 ||   179
       Headbutt          |    15 |    17 ||    32
       Long sword        |     1 |       ||     1
       Scimitar          |       |     3 ||     3
Invok: Lunge             |       |     2 ||     2
  Use: Potion            |     2 |     5 ||     7
       Scroll            |       |     4 ||     4
Armor: Scale mail        |    41 |    30 ||    71
Dodge: Dodged            |    22 |    16 ||    38
Block: Kite shield       |    63 |    31 ||    94
